 Dungeon Crawl Stone Soup version 0.26-a0-1191-ge2a0e31ab3 (webtiles) character file.

Game seed: 14339964384264362937

2737 sahdkjhfkaj the Conjurer (level 9, -5/57 HPs)
             Began as a Minotaur Conjurer on Dec 28, 2020.
             Was a Believer of Ru.
             Killed by divine providence
             ... invoked by an orc priest
              (16 damage)
             ... on level 8 of the Dungeon.
             The game lasted 00:20:04 (11490 turns).

sahdkjhfkaj the Conjurer (Minotaur Conjurer)       Turns: 11490, Time: 00:20:05

Health: -5/57      AC:  5    Str: 13    XL:     9   Next: 40%
Magic:  8/15       EV: 13    Int: 16    God:    Ru [**....]
Gold:   411        SH:  4    Dex: 10    Spells: 6/17 levels left

rFire    . . .     SeeInvis .   (no weapon)
rCold    . . .     Faith    +   u - +0 buckler
rNeg     . . .     Spirit   .   a - +0 robe
rPois    +         Reflect  .   (helmet restricted)
rElec    .         Harm     .   f - +2 cloak {rPois}
rCorr    .         Rampage  .   y - +1 pair of gloves
Will     .....                  j - +0 pair of boots
Stlth    +++.......             n - amulet of faith
HPRegen  0.19/turn              l - ring of stealth
MPRegen  0.14/turn              i - ring of wizardry

@: no status effects
A: retaliatory headbutt, horns 2, molten scales 1, dopey 1, frail 1, strong 1,
reduced AC 1, weak-willed 1
a: Renounce Religion


You were on level 8 of the Dungeon.
You worshipped Ru.
Ru was pleased with you.
You visited 1 branch of the dungeon, and saw 8 of its levels.

You collected 411 gold pieces.

Inventory:

Armour
 a - a +0 robe (worn)
 f - a +2 cloak of poison resistance (worn)
 j - a +0 pair of boots (worn)
 u - a +0 buckler (worn)
 y - a +1 pair of gloves (worn)
Jewellery
 i - a ring of wizardry (right hand)
 l - a ring of stealth (left hand)
 n - an amulet of faith (around neck)
 A - an uncursed ring of poison resistance {unknown}
Wands
 B - a wand of paralysis (3)
Scrolls
 b - 3 scrolls of remove curse
 k - 2 scrolls of teleportation {!r}
 m - a scroll of noise
 s - a scroll of immolation {unknown}
 t - a scroll of torment {unknown}
 w - 3 scrolls of magic mapping {unknown}
 x - 2 scrolls of amnesia
Potions
 c - a potion of attraction {unknown}
 d - a potion of magic {unknown}
 e - 7 potions of curing
 g - 2 potions of degeneration
 h - a potion of brilliance {unknown}
 o - 2 potions of flight {unknown}
 p - 2 potions of mutation
 r - a potion of heal wounds {unknown}
 v - 2 potions of lignification {unknown}
 z - 2 potions of berserk rage {unknown}


   Skills:
 - Level 1.0 Fighting
 - Level 4.4 Dodging
 - Level 1.7 Stealth
 - Level 4.0 Shields
 - Level 4.8 Spellcasting
 - Level 7.0 Conjurations
 + Level 3.6 Hexes


You had 6 spell levels left.
You knew the following spells:

 Your Spells              Type           Power        Failure   Level
a - Magic Dart            Conj           100%         1%          1
b - Searing Ray           Conj           52%          1%          2
f - Fulminant Prism       Conj/Hex       10%          7%          4
M - Iskenderun's Mystic   Conj/Tloc      15%          16%         4

Your spell library contained the following spells:

 Spells                   Type           Power        Failure   Level
 Corona                   Hex            16%          1%          1
 Foxfire                  Conj/Fire      60%          1%          1
 Dazzling Flash           Conj/Hex       40%          2%          3
 Conjure Flame            Conj/Fire      15%          4%          3
 Animate Skeleton         Necr           6%           6%          1
 Apportation              Tloc           6%           6%          1
 Summon Small Mammal      Summ           12%          6%          1
 Inner Flame              Hex/Fire       9%           9%          3
 Sticky Flame             Conj/Fire      15%          16%         4
 Fireball                 Conj/Fire      7%           38%         5


Dungeon Overview and Level Annotations

Branches:
Dungeon (8/15)             Temple (0/1) D:7
   Lair: D:8-11

Altars:
Elyvilon
Gozag
Kikubaaqudgha
Makhleb
Ru
Sif Muna
Trog
Uskayaw
Xom
Yredelemnul
Zin

Shops:
D:4 [   D:5 }=*

Annotations:
D:7 Harold


Innate Abilities, Weirdness & Mutations

You reflexively headbutt those who attack you in melee.
You have a pair of horns on your head.
You take slightly more damage. (AC -5)
You are slightly weak-willed. (Will-)
You are partially covered in molten scales. (AC +2)
You are dopey. (Int -2)
You are frail. (-10% HP)
Your muscles are strong. (Str +2)


Message History

Confirm with . or Enter, or press ? or * to list all spells.
You erupt in a blast of force!
The mystic blast hits the ogre!
You kill the ogre!
Unknown command.
You start resting.
An orc warrior is nearby!
An orc warrior is nearby!
The orc warrior hits you from afar with a +0 halberd!
* * * LOW HITPOINT WARNING * * *
You focus your inner power and illuminate the orc warrior in retribution!
The orc warrior stops glowing.
An orc and an orc wizard come into view.
A hound comes into view.
The hound barks!
You hear a shout!
An orc comes into view.
It is wielding a +0 falchion and quivering 4 silver boomerangs.
A leopard gecko, 2 orc priests and an orc wizard come into view.
The orc wizard shouts!
The leopard gecko hisses angrily.
You hear a shout! x4
The orc priest invokes the aid of Beogh against you.
Beogh smites you!
You die...

#.#### #.#
#.# #.# #.# .
#.# ... #.#
.....#####
#.#
o...l..@.#
#o#
.o#.o.##.#
#.# #..
#.####.# #.
#o..o..#
#.oho...#####
#..####.# .
#.# #.# #.#


You could see 2 orc priests, an orc wizard, an orc and a leopard gecko.

Vanquished Creatures
  5 yaks (D:7)
  An orc warrior (D:7)
  3 ogres
  2 phantoms
  A sky beast (D:8)
  2 centaurs (D:7)
  A bullfrog (D:6)
  2 scorpions
  An electric eel (D:8)
  2 howler monkeys
  A crimson imp (D:4)
  A hound (D:6)
  A centaur zombie (D:6)
  Crazy Yiuf (D:6)
  7 orc priests
  2 jellies
  An iguana (D:3)
  Jessica (D:2)
  6 orc wizards
  2 worker ants
  Terence (D:3)
  Robin (D:2)
  7 gnolls
  7 adders
  A white imp (D:7)
  2 ufetubi (D:5)
  2 oozes (D:1)
  2 worms
  3 dart slugs
  4 leopard geckos
  24 orcs
  8 bats
  7 giant cockroaches
  13 goblins
  3 hobgoblins
  8 kobolds
  3 quokkas
  A ball python (D:3)
  4 frilled lizards
  A leopard gecko zombie (D:7)
  2 quokka skeletons
  7 rats
154 creatures vanquished.

Vanquished Creatures (others)
  16 fulminant prisms
  A plant (D:7)
17 creatures vanquished.

Grand Total: 171 creatures vanquished

Notes
Turn   | Place    | Note
-------+----------+-------------------------------------------
     0 | D:1      | sahdkjhfkaj the Minotaur Conjurer began the quest for the
                  | Orb.
     0 | D:1      | Reached XP level 1. HP: 14/14 MP: 1/1
    16 | D:1      | Reached skill level 3 in Conjurations
   325 | D:1      | Reached XP level 2. HP: 14/20 MP: 0/3
   419 | D:1      | Learned a level 2 spell: Searing Ray
   930 | D:1      | Reached XP level 3. HP: 26/26 MP: 1/5
  1468 | D:2      | Noticed Jessica
  1473 | D:2      | Killed Jessica
  1563 | D:2      | Reached XP level 4. HP: 27/33 MP: 1/6
  1840 | D:2      | Reached skill level 4 in Conjurations
  1916 | D:2      | Noticed Robin
  1950 | D:2      | Killed Robin
  1951 | D:2      | Reached skill level 1 in Fighting
  2539 | D:3      | Reached XP level 5. HP: 40/40 MP: 3/7
  2605 | D:3      | Learned a level 4 spell: Fulminant Prism
  3480 | D:3      | Noticed Terence
  3650 | D:3      | Killed Terence
  3982 | D:4      | Found a sacrificial altar of Ru.
  3982 | D:4      | Found an ancient bone altar of Kikubaaqudgha.
  4000 | D:4      | Found a basalt altar of Yredelemnul.
  4004 | D:4      | Became a worshipper of Ru the Awakened
  4031 | D:4      | Noticed an ogre
  4049 | D:4      | Killed an ogre
  4050 | D:4      | Reached XP level 6. HP: 36/47 MP: 0/9
  4200 | D:3      | Learned a level 4 spell: Iskenderun's Mystic Blast
  4806 | D:4      | Found Sefeosk's Antique Armour Boutique.
  5022 | D:4      | Found a burning altar of Makhleb.
  5022 | D:4      | Found a shimmering altar of Xom.
  5026 | D:4      | Reached skill level 5 in Conjurations
  5225 | D:5      | Entered Level 5 of the Dungeon
  5417 | D:5      | Found Maifoy's Jewellery Shop.
  5469 | D:5      | Reached XP level 7. HP: 52/52 MP: 5/11
  5523 | D:5      | Found Qozilup's Gadget Shop.
  5529 | D:5      | Gained mutation: You take slightly more damage. (AC -5) [Ru
                  | sacrifice]
  5529 | D:5      | Reached * piety under Ru
  5964 | D:5      | Found an opulent altar of Gozag.
  6033 | D:5      | Reached skill level 1 in Shields
  6344 | D:5      | Found a white marble altar of Elyvilon.
  6348 | D:5      | Found a glowing silver altar of Zin.
  6462 | D:5      | Found Gozag's Platinum Reserve.
  7294 | D:6      | Found a runed translucent door.
  7295 | D:6      | Noticed Crazy Yiuf
  7826 | D:6      | Reached XP level 8. HP: 59/59 MP: 7/13
  8241 | D:6      | Found a hide-covered altar of Uskayaw.
  8242 | D:6      | Found a bloodstained altar of Trog.
  8341 | D:6      | Killed Crazy Yiuf
  8531 | D:7      | Found a staircase to the Ecumenical Temple.
  8558 | D:7      | Found a shimmering blue altar of Sif Muna.
  8575 | D:7      | Reached skill level 6 in Conjurations
  9216 | D:7      | Noticed Harold
  9477 | D:7      | Gained mutation: You are slightly weak-willed. (Will-) [Ru
                  | sacrifice]
  9477 | D:7      | Reached ** piety under Ru
  9596 | D:7      | Reached skill level 7 in Conjurations
  9614 | D:7      | Reached XP level 9. HP: 31/64 MP: 3/15
  9616 | D:7      | Reached skill level 1 in Hexes
 11402 | D:8      | Gained mutation: You are dopey. (Int -2) [potion of
                  | mutation]
 11402 | D:8      | Gained mutation: You are frail. (-10% HP) [potion of
                  | mutation]
 11402 | D:8      | Gained mutation: You are partially covered in molten
                  | scales. (AC +2) [potion of mutation]
 11402 | D:8      | Gained mutation: Your muscles are strong. (Str +2) [potion
                  | of mutation]
 11490 | D:8      | Killed from afar by an orc priest

Illustrated notes

Levels and vault maps discovered:
D:1:      psy_arrival_radial02, layout_loops_cross, minmay_cupped
D:2:      layout_basic, interstate_on_off, uniq_jessica, uniq_robin
D:3:      layout_loops_cross, uniq_terence
D:4:      layout_basic, grunt_temple_overflow_champion_of_chaos,
          gammafunk_temple_overflow_forgotten, serial_shops, shop
D:5:      layout_cave_pools, grunt_temple_overflow_open,
          nicolae_gozag_zags_fifth_avenue, serial_shops, shop, shop_coins
D:6:      layout_rooms, gammafunk_temple_overflow_statue,
          uniq_crazy_yiuf_cottage
D:7:      layout_loops_corners, led_sif_book,
          minmay_temple_entry_gardened_gates, uniq_harold
D:8:      layout_basic, erik_lair_orcish_takeover, basic_altar,
          hangedman_misty_isle

Skill      XL: |  1  2  3  4  5  6  7  8  9 |
---------------+----------------------------+-----
Conjurations   | 3 4 5 7 |  7.0
Spellcasting   | 2 3 4 |  4.8
Fighting       | 1 |  1.0
Shields        | 4 |  4.0
Dodging        | 4 |  4.4
Hexes          | 3 |  3.6
Stealth        | |  1.7

Action                   |  1- 3 |  4- 6 |  7- 9 || total
-------------------------+-------+-------+-------++-------
Melee: Unarmed           |    23 |    39 |    87 ||   149
       Headbutt          |     2 |     4 |    15 ||    21
 Cast: Magic Dart        |    54 |   124 |   125 ||   303
       Searing Ray       |       |     8 |    35 ||    43
       Fulminant Prism   |       |     4 |    12 ||    16
       Iskenderun's Myst |       |       |     2 ||     2
Invok: Sacrifice Health  |       |       |     1 ||     1
       Sacrifice Essence |       |       |     1 ||     1
  Use: Potion            |     1 |       |     1 ||     2
       Scroll            |       |     5 |     7 ||    12
Armor: Robe              |     6 |    12 |     3 ||    21
Dodge: Dodged            |    12 |    40 |    63 ||   115
Block: Buckler           |       |       |    20 ||    20

Table legend: (Time is in decaauts)
 A = Elapsed time spent in this place.
 B = Non-inter-level travel time spent in this place.
 C = Inter-level travel time spent in this place.
 D = Time resting spent in this place.
 E = Time spent auto-exploring this place.
 F = Levels seen in this place.
 G = Mean time per level.
                   A        B        C        D        E       F      G
               +--------+--------+--------+--------+--------+-----+--------+
         Total |  11513 |  11159 |    354 |   2411 |   7133 |   8 | 1439.1 |
       Dungeon |  11513 |  11159 |    354 |   2411 |   7133 |   8 | 1439.1 |
               +--------+--------+--------+--------+--------+-----+--------+

Top non-repeatable levels by time:
     D:7: 2430 daAuts
     D:6: 2028 daAuts
     D:3: 1630 daAuts
     D:4: 1529 daAuts
     D:1: 1441 daAuts
     D:5: 1288 daAuts
     D:2: 1058 daAuts
     D:8: 105 daAuts
